Map: Ulrena

Players

TRUJohn - Winner!

  • Race: Terran Terran
  • League: Bronze

RaZe

  • Race: Terran Terran
  • League: Bronze

VOD

Have the link to the VOD?

Description

Time

  • Played on: Nov. 12, 2015, 6:35 a.m.
  • Length: 18:40
Show
View Real Time Build Order
Export as new Build Order

TRUJohn Terran - Winner!

Build Orders: MMM Bio 

Get SALT Encoding   

  12  0:15  SCV, Supply Depot  
  13  0:27  Refinery  
  13  0:32  SCV  
  14  0:43  Barracks  
  14  0:51  SCV  
  15  1:03  SCV  
  16  1:23  SCV  
  17  1:33  Supply Depot  
  17  1:34  Reaper  
  18  1:49  SCV  
  19  2:01  SCV  
  20  2:03  Barracks  
  20  2:09  Supply Depot  
  20  2:13  SCV  
  21  2:24  Refinery  
  21  2:25  SCV  
  22  2:30  Marine  
  22  2:32  Factory  
  23  2:47  Marine  
  23  3:07  Marine  
  24  3:15  Command Center  
  24  3:18  SCV  
  25  3:20  Widow Mine  
  25  3:25  Marine  
  28  3:28  Starport  
  28  3:30  SCV  
  29  3:42  Orbital Command  
  29  3:43  Marine  
  30  3:48  Widow Mine  
  32  4:00  Marine  
  33  4:08  Starport Tech Lab  
  33  4:15  Armory, Barracks Tech Lab  
  33  4:25  Factory Tech Lab  
  33  4:36  Marine  
  34  4:39  Barracks Tech Lab, Stimpack  
  34  4:44  Siege Tank  
  37  4:51  Medivac  
  39  4:54  Marine  
  40  5:04  Engineering Bay  
  40  5:09  SCV  
  40  5:11  Marine  
  42  5:18  Marauder  
  44  5:29  SCV, Marine  
  46  5:39  Marine  
  46  5:42  Missile Turret  
  47  5:46  Liberator  
  47  5:47  Marine  
  47  5:48  Orbital Command  
  48  5:51  SCV  
  49  5:57  Marine  
  49  6:03  SCV  
  54  6:19  Drilling Claws  
  54  6:20  Supply Depot  
  54  6:27  Terran Infantry Weapons Level 1  
  54  6:29  Concussive Shells  
  54  6:41  SCV x2, Marine  
  54  6:42  Combat Shields, Marauder  
  54  6:43  Supply Depot  
  59  6:54  SCV x2  
  61  6:59  Marine  
  62  7:05  Marauder  
  62  7:06  SCV  
  65  7:13  Supply Depot  
  65  7:17  Marine  
  65  7:18  SCV  
  65  7:19  Liberator  
  67  7:26  Marauder  
  69  7:30  SCV  
  69  7:34  Widow Mine  
  69  7:35  Marine  
  69  7:36  Supply Depot  
  76  7:42  SCV  
  76  7:44  Refinery  
  77  7:47  Marine  
  78  7:52  Terran Vehicle Weapons Level 1  
  78  7:58  Marine  
  79  8:03  Widow Mine  
  81  8:08  Refinery  
  81  8:18  Command Center  
  81  8:31  Widow Mine  
  73  9:00  Widow Mine  
  72  9:04  Marine  
  73  9:17  SCV  
  74  9:20  Terran Infantry Armor Level 1  
  74  9:21  Marine  
  75  9:28  Widow Mine  
  75  9:29  SCV  
  78  9:31  Fusion Core  
  78  9:39  Marine  
  78  9:41  SCV  
  80  9:53  SCV  
  80  9:57  Marine  
  82  10:05  SCV  
  83  10:15  Marine  
  83  10:17  SCV  
  85  10:22  Battlecruiser  
  85  10:27  Starport  
  91  10:29  SCV  
  92  10:40  Planetary Fortress  
  89  11:05  Marine x2  
  89  11:11  Starport  
  91  11:16  Refinery  
  91  11:23  Marine x2  
  93  11:26  Battlecruiser, Terran Vehicle And Ship Armor Level 1  
  99  11:33  Behemoth Reactor  
  99  11:40  Refinery  
  99  11:41  Marine x2  
  99  11:42  Starport  
  101  12:07  Supply Depot  
  101  12:28  Marine x2  
  101  12:29  SCV, Supply Depot  
  104  12:30  Starport Reactor  
  104  12:32  Supply Depot  
  104  12:35  Starport Tech Lab  
  104  12:41  SCV  
  105  12:46  Marine x2  
  105  12:51  Battlecruiser  
  113  12:52  Supply Depot  
  113  12:53  SCV  
  114  13:12  Battlecruiser  
  118  13:15  Supply Depot  
  105  13:38  Supply Depot  
  105  13:43  Starport Tech Lab  
  105  13:55  Battlecruiser  
  111  14:02  Command Center  
  111  14:17  Battlecruiser  
  117  14:35  Terran Ship Weapons Level 1  
  117  14:40  Supply Depot  
  117  14:51  Liberator x2  
  117  14:59  Battlecruiser  
  123  15:01  Command Center  
  123  15:03  Supply Depot  
  123  15:04  Weapon Refit  
  129  15:20  Viking  
  131  15:34  Liberator x2  
  131  15:48  Orbital Command  
  137  16:01  Viking  
  137  16:03  Viking  
  141  16:27  Refinery  
  141  16:31  Viking  
  143  16:33  Viking  
  143  16:34  Viking x2  
  143  16:38  Planetary Fortress  
  149  16:52  Refinery  
  149  16:59  Battlecruiser  
  155  17:11  Supply Depot  
Show
View Real Time Build Order
Export as new Build Order

RaZe Terran 

Build Orders: MMM Bio 

Get SALT Encoding   

  12  0:01  SCV  
  13  0:27  Supply Depot  
  13  0:41  SCV  
  14  0:50  Refinery  
  14  0:54  Barracks  
  14  1:11  Supply Depot  
  14  1:16  SCV  
  15  1:28  SCV  
  16  1:42  Supply Depot  
  16  1:50  Supply Depot  
  16  1:56  Barracks Tech Lab  
  16  1:59  Barracks  
  16  2:01  Orbital Command  
  16  2:15  Factory  
  16  2:18  Supply Depot  
  16  2:22  Concussive Shells  
  16  2:28  Marine  
  17  2:34  SCV  
  18  2:45  Marine  
  17  3:09  Marine  
  19  3:16  Barracks Reactor  
  18  3:23  Factory Tech Lab  
  18  3:27  Marine  
  19  3:35  Supply Depot  
  19  3:45  Marine  
  20  3:49  Bunker  
  20  3:58  SCV, Refinery  
  21  4:03  Marine  
  21  4:05  Combat Shields  
  22  4:16  Supply Depot  
  22  4:41  Supply Depot  
  22  5:03  Command Center  
  22  5:17  Bunker  
  22  5:24  Marine x2  
  22  5:26  Marauder  
  22  5:28  Widow Mine  
  28  5:41  SCV  
  29  5:51  Marine  
  29  5:52  Marine  
  29  5:53  SCV  
  32  6:05  SCV  
  33  6:13  Engineering Bay  
  33  6:14  Stimpack  
  34  6:20  Marauder  
  35  6:37  Orbital Command  
  35  6:40  Refinery  
  35  6:44  Marine x2  
  35  6:45  Marine  
  38  6:54  Engineering Bay  
  38  7:01  Terran Infantry Weapons Level 1  
  38  7:03  Marine  
  38  7:08  Marine  
  40  7:14  Marauder  
  43  7:22  SCV  
  43  7:23  SCV  
  44  7:50  Armory  
  44  7:51  Marine x3  
  48  7:58  SCV x2  
  49  8:08  Marine  
  49  8:09  Marine x2  
  49  8:10  SCV x2  
  54  8:21  Starport  
  54  8:22  SCV  
  54  8:23  SCV  
  39  9:05  Marine x3  
  42  9:11  SCV  
  42  9:15  Terran Infantry Armor Level 1  
  43  9:23  SCV, Marine  
  45  9:27  Starport Reactor  
  45  9:33  SCV  
  45  9:35  SCV, Marine x2  
  49  9:41  Marine  
  51  9:45  SCV  
  51  9:47  SCV  
  51  9:52  Missile Turret  
  52  9:53  Marauder, Marine  
  52  9:57  SCV, Missile Turret  
  52  9:58  Marine  
  58  10:00  SCV  
  58  10:05  Terran Infantry Weapons Level 2  
  58  10:09  SCV  
  58  10:10  Marine  
  58  10:11  Terran Ship Weapons Level 1  
  58  10:12  SCV  
  61  10:15  Marauder  
  61  10:16  Medivac  
  65  10:22  SCV  
  66  10:35  SCV x2  
  68  10:47  SCV x2  
  70  10:50  Marine x2  
  70  10:51  Marine  
  73  10:59  SCV x2  
  75  11:08  Marine x2  
  75  11:09  Marauder  
  79  11:11  SCV  
  80  11:46  Marine x3  
  83  11:50  Siege Tank  
  86  12:36  SCV x2, Medivac x2, Marine  
  86  12:37  Marine  
  86  12:39  Marauder  
  86  12:42  Siege Tank  
  75  12:48  SCV x2  
  63  12:54  Marine  
  63  12:55  Marine  
  65  13:00  SCV x2, Marauder  
  69  13:06  Viking, Medivac  
  69  13:11  Marine  
  69  13:12  SCV x2, Marine  
  77  13:22  Marauder  
  77  13:24  SCV x2  
  79  13:29  Marine  
  79  13:30  Marine  
  81  13:36  Viking x2  
  85  13:47  Marine  
  86  13:52  Barracks  
  86  13:56  Starport  
  86  13:59  Fusion Core  
  86  14:01  Starport  
  86  14:04  Barracks  
  86  14:21  Terran Infantry Armor Level 2  
  86  14:36  Supply Depot  
  86  14:38  Supply Depot  
  86  14:40  Supply Depot  
  86  14:46  Terran Infantry Weapons Level 3  
  86  14:57  Widow Mine  
  86  14:58  Marauder, Viking, Marine x2  
  94  15:00  Viking  
  96  15:15  Supply Depot, Marine x2  
  96  15:17  SCV x2, Supply Depot  
  96  15:20  Marauder  
  102  15:21  Supply Depot  
  102  15:26  Widow Mine  
  102  15:28  Viking  
  106  15:29  SCV x2  
  106  15:30  Viking  
  110  15:36  Barracks Reactor  
  110  15:37  Marine x2  
  110  15:40  Supply Depot  
  110  15:41  SCV x2, Marauder  
  110  15:42  Starport Reactor  
  116  15:43  Barracks Reactor, Starport Tech Lab  
  116  15:48  Drilling Claws  
  116  15:54  Widow Mine  
  116  15:55  Marine x2  
  120  15:58  Viking  
  120  16:00  Viking  
  120  16:02  Marauder  
  126  16:23  Widow Mine  
  126  16:24  Marauder  
  130  16:51  Widow Mine  
  132  16:55  Marine x2  
  132  16:56  Marauder, Marine x2  
  132  16:57  Marine x2  
  140  17:03  Medivac  
  142  17:16  Marine x2  
  142  17:35  Medivac  
  142  17:36  Marine x2  
  142  17:44  Marine x3  
  142  17:45  Marine, Marauder  
  131  17:54  Marine x2  
  121  18:02  Marine x2  
  121  18:03  Marine  
  107  18:06  Marauder  
  107  18:12  Marine x2  
  62  18:20  Marine  
Tags
 
Composition
MMM BioMMM Bio
Matchup
TvT
Race
Terran
Add a new tag
Caveats
  • Supply blocks, unpowered buildings, or Contaminate may cause inaccurate times.
  • Supply counts are checked every 10 seconds.